 Dungeon Crawl Stone Soup version 0.24.0-123-gd5b16e6ec5 (webtiles) character file.

Game seed: 15258704663219408751, levelgen mode: deterministic

298 Exporg the Shield-Bearer (level 6, -5/48 HPs)
             Began as a Formicid Fighter on Dec 20, 2019.
             Killed by divine providence
             ... invoked by an orc priest
              (11 damage)
             ... on level 3 of the Dungeon.
             The game lasted 00:02:45 (1662 turns).

Exporg the Shield-Bearer (Formicid Fighter)         Turns: 1662, Time: 00:02:45

Health: -5/48      AC:  7    Str: 20    XL:     6   Next: 63%
Magic:  6/6        EV:  8    Int:  8    God:
Gold:   76         SH: 10    Dex: 12    Spells: 5/5 levels left

rFire    . . .     SeeInvis +   a - +0 trident
rCold    . . .     Gourm    .   c - +0 shield
rNeg     . . .     Faith    .   b - +0 scale mail
rPois    .         Spirit   .   (helmet unavailable)
rElec    .         Reflect  .   (no cloak)
rCorr    +         Harm     .   (no gloves)
MR       .....                  (no boots)
Stlth    ..........             (no amulet)
HPRegen  0.16/turn              h - ring of resist corrosion (curse)
MPRegen  0.10/turn              m - ring of wizardry

@: lethally poisoned (-5 -> -7)
A: permanent stasis, dig shafts and tunnels, four strong arms, antennae 3
a: Dig, Shaft Self


You were on level 3 of the Dungeon.
You were not hungry.

You visited 1 branch of the dungeon, and saw 3 of its levels.

You collected 76 gold pieces.

Inventory:

Hand Weapons
 a - a +0 trident (weapon)
Armour
 b - a +0 scale mail (worn)
 c - a +0 shield (worn)
 l - a +0 pair of boots
Jewellery
 h - a cursed ring of resist corrosion (left hand)
 m - a ring of wizardry (right hand)
 n - an uncursed amulet of guardian spirit {unknown}
Scrolls
 e - a scroll of remove curse {unknown}
 g - 3 scrolls of identify {unknown}
 i - a scroll of enchant weapon {unknown}
 k - a scroll of immolation {unknown}
 o - a scroll of enchant armour {unknown}
 q - a scroll of fog {unknown}
 s - a scroll of blinking {unknown}
Potions
 d - a potion of might
 j - a potion of berserk rage {unknown}
 r - 2 potions of brilliance {unknown}
Comestibles
 f - 3 rations
 p - 3 chunks of flesh


   Skills:
 + Level 4.2 Fighting
 + Level 4.2 Polearms
 + Level 4.6 Armour
 + Level 0.8 Dodging
 + Level 4.9 Shields


You had 5 spell levels left.
You didn't know any spells.
Your spell library was empty.

Dungeon Overview and Level Annotations

Branches:
Dungeon (3/15)

Altars:
Nemelex Xobeh
Uskayaw


Innate Abilities, Weirdness & Mutations

You cannot be hasted, slowed, berserked, paralysed or teleported.
You can dig through walls and to a lower floor.
Your four strong arms can wield two-handed weapons with a shield.
You have a pair of large antennae on your head. (SInv)


Message History

You feel sick. You block the orc priest's attack. You block the orc's attack.
The orc priest looks satisfied for a moment.
The quokka barely misses you. The orc hits you but does no damage.
You barely miss the orc priest.
The orc priest is heavily wounded.
You block the orc priest's attack.
The orc wizard gestures wildly while chanting.
The orc wizard flickers and vanishes for a moment.
The quokka bites you but does no damage.
The orc priest calls down the wrath of Beogh upon you.
Pain shoots through your body!
* * * LOW HITPOINT WARNING * * *
You block the orc's attack. The orc hits you but does no damage.
The orc priest hits you but does no damage.
You completely miss the orc priest.
The orc priest is heavily wounded.
The quokka bites you but does no damage.
The orc priest mumbles some strange prayers to Beogh against you.
Beogh smites you!
You die...

#####################
......[..............
< ####...###########
...#######)..#### .
...oooor...........
..###o@...)....##.
#.oo.$.....# #
#....###...# # ####.#
...# # ... ...# #
..... ...# # ....+ #
...# #
..#############


You could see 2 orc priests, an orc wizard (invisible), 4 orcs and a quokka.

Vanquished Creatures
  Sigmund (D:3)
  Robin (D:3)
  6 adders (D:2)
  2 worms (D:2)
  2 dart slugs
  A leopard gecko (D:1)
  4 orcs (D:3)
  A ball python (D:1)
  5 bats
  3 giant cockroaches
  8 hobgoblins
  3 kobolds
  2 frilled lizards (D:2)
  14 goblins
  5 rats
58 creatures vanquished.

Notes
Turn   | Place    | Note
-------+----------+-------------------------------------------
     0 | D:1      | Exporg the Formicid Fighter began the quest for the Orb.
     0 | D:1      | Reached XP level 1. HP: 18/18 MP: 1/1
   123 | D:1      | Reached XP level 2. HP: 24/24 MP: 2/2
   383 | D:2      | Found a sparkling altar of Nemelex Xobeh.
   392 | D:2      | Reached XP level 3. HP: 30/30 MP: 3/3
   701 | D:2      | Reached XP level 4. HP: 15/37 MP: 4/4
  1268 | D:2      | Reached XP level 5. HP: 42/42 MP: 5/5
  1289 | D:2      | Found a hide-covered altar of Uskayaw.
  1341 | D:3      | Noticed Robin
  1372 | D:3      | Killed Robin
  1555 | D:3      | Noticed Sigmund
  1570 | D:3      | Killed Sigmund
  1570 | D:3      | Reached XP level 6. HP: 39/48 MP: 6/6
  1662 | D:3      | Killed from afar by an orc priest

Levels and vault maps discovered:
D:1:      scummos_arrival_forest, layout_basic, minmay_tripent
D:2:      layout_rooms, nemelex_xobeh_ov_fountains_minmay, lemuel_crystal_altar,
          st_stairs_5
D:3:      layout_basic, lemuel_crystal_altar, kennysheep_small_spiral,
          uniq_robin, uniq_sigmund

Skill      XL: |  1  2  3  4  5 |
---------------+----------------+-----
Shields        | 4 |  4.9
Armour         | 4 |  4.6
Polearms       | 3 4 |  4.2
Fighting       | 4 |  4.2
Dodging        | |  0.8

Action                   |  1- 3 |  4- 6 || total
-------------------------+-------+-------++-------
Melee: Trident           |    82 |   119 ||   201
  Eat: Chunk             |       |     3 ||     3
Armor: Scale mail        |    15 |    35 ||    50
Dodge: Dodged            |    18 |    29 ||    47
Block: Shield            |    34 |    58 ||    92
